 Dungeon Crawl Stone Soup version 0.30-a0-250-g41c1d76940 (webtiles) character file.

Game seed: 4418062165156061592

48 warriortoast the Conjurer (level 3, -2/19 HPs)
             Began as a Deep Elf Conjurer on Oct 12, 2022.
             Slain by a phantom (5 damage)
             ... on level 3 of the Dungeon.
             The game lasted 00:04:03 (1309 turns).

warriortoast the Conjurer (Deep Elf Conjurer)       Turns: 1309, Time: 00:04:04

Health: -2/19      AC:  3    Str:  4    XL:     3   Next: 50%
Magic:  4/10       EV: 12    Int: 24    God:
Gold:   39         SH:  0    Dex: 13    Spells: 6/10 levels left

rFire   . . .      SeeInvis .    (no weapon)
rCold   . . .      Faith    .    (no shield)
rNeg    . . .      Spirit   .    a - +0 robe
rPois   .          Reflect  .    e - +0 helmet
rElec   .          Harm     .    (no cloak)
rCorr   .          Rampage  .    (no gloves)
Will    .....                    (no boots)
Stlth   ++........               (no amulet)
HPRegen 0.23/turn                (no ring)
MPRegen 0.12/turn                (no ring)

@: no status effects
A: no striking features
a: no special abilities


You were on level 3 of the Dungeon.
You visited 1 branch of the dungeon, and saw 3 of its levels.

You collected 137 gold pieces.
You spent 98 gold pieces at shops.

Inventory:

Armour
 a - a +0 robe (worn)
 e - a +0 helmet (worn)
Scrolls
 c - 3 scrolls of identify
 f - a scroll of torment {unknown}
 h - 2 scrolls of teleportation
 i - a scroll of blinking {unknown}
Potions
 b - a potion of magic
 d - a potion of invisibility {unknown}
 g - a potion of curing {unknown}
 j - a potion of might {unknown}
 k - 2 potions of heal wounds {unknown}


   Skills:
 - Level 2.4 Dodging
 - Level 2.4 Stealth
 + Level 4.3 Spellcasting
 + Level 5.1 Conjurations


You had 6 spell levels left.
You knew the following spells:

 Your Spells              Type           Power      Damage    Failure   Level
a - Magic Dart            Conj           100%       1d8       1%          1
b - Dazzling Flash        Conj/Hex       34%        N/A       10%         3

Your spell library contained the following spells:

 Spells                   Type           Power      Damage    Failure   Level
 Searing Ray              Conj           60%        2d6       1%          2
 Fulminant Prism          Conj/Hex       8%         3d7       32%         4
 Iskenderun's Mystic Bla  Conj/Tloc      17%        2d5       32%         4


Dungeon Overview and Level Annotations

Branches:
Dungeon (3/15)

Altars:

Shops:
D:1 *


Message History

The phantom attacks as you move away! The phantom closely misses you.
The phantom attacks as you move away! The phantom barely misses you.
The bat barely misses you. The bat misses you.
The bat hits you but does no damage. The bat completely misses you.
The bat attacks as you move away! The bat hits you but does no damage. x2
There is a stone staircase leading up here.
The magic dart hits the phantom.
The phantom is lightly damaged.
The bat closely misses you. The phantom barely misses you.
The magic dart hits the phantom.
The phantom is moderately damaged.
The bat hits you. The phantom hits you.
The magic dart hits the phantom.
The phantom is heavily damaged.
The bat closely misses you. The phantom barely misses you.
The magic dart hits the phantom.
The phantom is severely damaged.
The bat closely misses you. The phantom hits you.
You are too injured to fight recklessly!
You are too injured to fight recklessly!
Casting: Magic Dart (safe; 1% risk of failure)
Confirm with . or Enter, or press ? or * to list all spells.
Aiming: Magic Dart (safe; 1% risk of failure)
Press: ? - help, Shift-Dir - straight line, f/p - phantom
Aim: a phantom (severely damaged, 100% to hit)
The magic dart hits the phantom.
The phantom is severely damaged.
The bat barely misses you. The phantom hits you.
* * * LOW HITPOINT WARNING * * *
Casting: Magic Dart (safe; 1% risk of failure)
Confirm with . or Enter, or press ? or * to list all spells.
Aiming: Magic Dart (safe; 1% risk of failure)
Press: ? - help, Shift-Dir - straight line, f/p - phantom
Aim: a phantom (severely damaged, 100% to hit)
The magic dart hits the phantom but does no damage.
The phantom is severely damaged.
The bat hits you but does no damage. The phantom hits you.
You die...

##...##
##.....##
##.......##
#.........#
+.........+
#.........#
##..b....##
##...W.##
##..@##
##+##


You could see a phantom and a bat.

Vanquished Creatures
  An adder (D:2)
  A dart slug (D:2)
  3 endoplasms
  4 giant cockroaches
  4 goblins
  4 hobgoblins
  A kobold (D:1)
  3 quokkas
  4 ball pythons
  5 bats
  A frilled lizard (D:1)
  3 rats (D:2)
34 creatures vanquished.

Vanquished Creatures (others)
  4 toadstools (D:1)
4 creatures vanquished.

Grand Total: 38 creatures vanquished

Notes
Turn   | Place    | Note
-------+----------+-------------------------------------------
     0 | D:1      | warriortoast the Deep Elf Conjurer began the quest for the
                  | Orb.
     0 | D:1      | Reached XP level 1. HP: 10/10 MP: 6/6
   137 | D:1      | Reached XP level 2. HP: 15/15 MP: 3/8
   645 | D:1      | Found Eruh's General Store.
   673 | D:1      | Bought a scroll of teleportation for 42 gold pieces
   673 | D:1      | Bought a scroll of identify for 28 gold pieces
   673 | D:1      | Bought a scroll of identify for 28 gold pieces
   683 | D:1      | Found a faded altar of an unknown god.
   911 | D:2      | Reached skill level 5 in Conjurations
   911 | D:2      | Reached XP level 3. HP: 19/19 MP: 7/10
   915 | D:2      | Learned a level 3 spell: Dazzling Flash
  1186 | D:2      | Noticed a phantom
  1309 | D:3      | Slain by a phantom

Illustrated notes

Levels and vault maps discovered:
D:1:      ldierk_walled_garden_2, layout_loops_ring,
          chequers_ecumenical_altar_simple_redux, serial_shops,
          nicolae_shop_temple_entry_statues_fountains, skrybe_limestone_x,
          serial_bayou_pond_c
D:2:      layout_basic, minmay_pentomino_pile
D:3:      layout_loops_corners, hangedman_decor_clover_reticule, uniq_sigmund

Skill      XL: |  1  2 |
---------------+-------+-----
Spellcasting   | 4 |  4.3
Conjurations   | 5 |  5.1
Dodging        | |  2.4
Stealth        | |  2.4

Action                   || total
-------------------------++-------
Melee: Unarmed           ||     2
 Cast: Magic Dart        ||    65
Armor: Robe              ||    13
Dodge: Dodged            ||    38

Table legend: (Time is in decaauts)
 A = Elapsed time spent in this place.
 B = Non-inter-level travel time spent in this place.
 C = Inter-level travel time spent in this place.
 D = Time resting spent in this place.
 E = Time spent auto-exploring this place.
 F = Levels seen in this place.
 G = Mean time per level.
                   A        B        C        D        E       F      G
               +--------+--------+--------+--------+--------+-----+--------+
         Total |   1318 |   1304 |     14 |     52 |   1034 |   3 |  439.3 |
       Dungeon |   1318 |   1304 |     14 |     52 |   1034 |   3 |  439.3 |
               +--------+--------+--------+--------+--------+-----+--------+

Top non-repeatable levels by time:
     D:1: 834 daAuts
     D:2: 457 daAuts
     D:3: 27 daAuts
